 Dungeon Crawl Stone Soup version 0.19.1 (webtiles) character file.

80281 truemonolith the Spry (level 16, -8/119 HPs)
             Began as a Halfling Berserker on Nov 25, 2016.
             Was the Champion of Trog.
             Mangled by a spriggan berserker
             ... wielding a +0 war axe
              (29 damage)
             ... on level 14 of the Dungeon.
             The game lasted 01:14:28 (23257 turns).

truemonolith the Spry (Halfling Berserker)         Turns: 23257, Time: 01:14:28

Health: -8/119     AC: 17    Str: 21    XL:     16   Next: 14%
Magic:  16/16      EV: 30    Int:  5    God:    Trog [******]
Gold:   1992       SH:  0    Dex: 24    Spells: 0 memorised, 15 levels left

rFire  + . .     SeeInvis +     y - +9 quick blade (venom)
rCold  . . .     Gourm    .     l - +3 ring mail of the Komodo Dragon {rF+ Regen+ Str+2 Dex+4}
rNeg   . . .     Faith    .     (shield restricted)
rPois  +         Spirit   .     A - +2 hat {MR+}
rElec  .         Reflect  .     m - +2 cloak
rCorr  .         Harm     .     S - +0 pair of gloves
MR     ++...                    (no boots)
Stlth  +++++.....               E - amulet of regeneration
                                q - ring of poison resistance
                                O - ring of see invisible

@: lethally poisoned (-8 -> -9), about to teleport, drained
A: mutation resistance 1
a: Berserk, Trog's Hand, Brothers in Arms, Burn Spellbooks, Renounce Religion


You were on level 14 of the Dungeon.
You worshipped Trog.
Trog was exalted by your worship.
You were not hungry.

You visited 3 branches of the dungeon, and saw 22 of its levels.
You also visited: Sewer.

You collected 2253 gold pieces.
You spent 261 gold pieces at shops.

Inventory:

Hand Weapons
 p - a +8 antimagic quick blade
 y - a +9 quick blade of venom (weapon)
Armour
 l - the +3 ring mail of the Komodo Dragon (worn) {rF+ Regen+ Str+2 Dex+4}
   (You found it in a sewer)

   It affects your strength (+2).
   It affects your dexterity (+4).
   It protects you from fire.
   It increases your rate of regeneration.
 m - a +2 cloak (worn)
 u - +0 ice dragon scales
 A - a +2 hat of magic resistance (worn)
 S - a +0 pair of gloves (worn)
Jewellery
 a - an uncursed ring of stealth
 q - a ring of poison resistance (right hand)
 E - an amulet of regeneration (around neck)
 O - a ring of see invisible (left hand)
 T - an uncursed ring of positive energy
Wands
 c - a wand of confusion (16/48)
 g - a wand of slowing (26/48)
 n - a wand of heal wounds (5/9)
 s - a wand of disintegration (12/24)
 B - a wand of teleportation (7/9)
 G - a wand of confusion (22/48)
Scrolls
 e - 19 scrolls of remove curse
 w - 11 scrolls of identify
 x - 5 scrolls of magic mapping
 J - 4 scrolls of fog
 L - 5 scrolls of teleportation
 M - a scroll of summoning
 P - a scroll of recharging
Potions
 b - a potion of might
 d - 5 potions of agility
 f - 12 potions of curing
 j - 2 potions of brilliance
 k - 7 potions of heal wounds
 r - a potion of ambrosia {unknown}
 D - a potion of resistance
 H - 2 potions of cancellation
 K - 2 potions of flight
Books
 v - a book of Minor Magic

   Spells                             Type                      Level
   a - Magic Dart                     Conjuration                  1
   b - Blink                          Translocation                2
   c - Call Imp                       Summoning                    2
   d - Repel Missiles                 Charms/Air                   2
   e - Slow                           Hexes                        2
   f - Conjure Flame                  Conjuration/Fire             3
   g - Mephitic Cloud                 Conjuration/Poison/Air       3
   Trog disapproves of the use of such an item.
 z - a book of Cantrips

   Spells                             Type                      Level
   a - Confusing Touch                Hexes                        1
   b - Animate Skeleton               Necromancy                   1
   c - Summon Small Mammal            Summoning                    1
   d - Apportation                    Translocation                1
   Trog disapproves of the use of such an item.
 F - a book of Callings

   Spells                             Type                      Level
   a - Summon Small Mammal            Summoning                    1
   b - Call Imp                       Summoning                    2
   c - Call Canine Familiar           Summoning                    3
   d - Summon Guardian Golem          Hexes/Summoning              3
   e - Summon Lightning Spire         Summoning/Air                4
   f - Summon Ice Beast               Ice/Summoning                4
   Trog disapproves of the use of such an item.
Comestibles
 h - 7 bread rations
 i - a meat ration
 o - 6 beef jerkies
 t - 3 slices of pizza
 C - 2 royal jellies


   Skills:
 - Level 14.0 Fighting
 - Level 11.1 Short Blades
 - Level 10.9 Armour
 - Level 16.0 Dodging
 + Level 13.0 Stealth


You had 15 spell levels left.
You didn't know any spells.

Dungeon Overview and Level Annotations

Branches:
Dungeon (14/15)            Temple (0/1) D:5            Lair (6/6) D:11
 Shoals (0/4) Lair:2        Snake (0/4) Lair:4        Slime (0/5) Lair:6
    Orc (2/2) D:11            Elf (0/3) Orc:2        Vaults (0/5) D:13

Altars:
Fedhas
Kikubaaqudgha
Nemelex Xobeh
Beogh

Shops:
D:7 }   Orc:1 (   Orc:2 (%%**

Annotations:
D:12 Erolcha
Lair:4 exclusion: oklob plant
Lair:5 exclusion: oklob plant


Innate Abilities, Weirdness & Mutations

You are small and have problems with some larger weapons.
You are somewhat resistant to further mutation.


Message History

The spriggan berserker closely misses you.
The spriggan berserker completely misses you.
You feel much better.
You feel sick. The death yak barely misses you.
The spriggan berserker barely misses you.
The spriggan berserker misses you.
The spriggan berserker completely misses you.
The death yak gores you!!
* * * LOW HITPOINT WARNING * * *
You feel sick.
The spriggan berserker is no longer berserk.
The spriggan berserker hits you with a rapier.
* * * LOW HITPOINT WARNING * * *
The spriggan berserker rages.
The spriggan berserker completely misses you. x2
You feel sick.
The spriggan berserker hits you with a rapier!
* * * LOW HITPOINT WARNING * * *
The death yak closely misses you.
The spriggan berserker hits you with a war axe!!
You die...

.. #....###.### ###.###........
#..##....# #...###...# #........
#..##..### ###..#..### ###..H...
#.....## ##...## ##T....
#......### ###.....### ###......
#..##....# #.....Y...# #........
#..##....###.........###....####
#..###....#....iiiZTH.#....## #
#..# ##........@Y.#.......## #
##..####.##......i.##....########
........))...####..####..........
........))>..# #..# #..........
##...........# #..# #..########
#...........# #..# #†.#
#...........# #..# #..#
#...........# #..# #..#
#...........# #..# #..#


You could see a death yak (berserk), an elephant (berserk), 4 spriggan
berserkers, a manticore, a troll and a centaur warrior skeleton.

Vanquished Creatures
  Gastronok (Lair:1)
  An orc warlord (Orc:2)
  The ghost of Enish the Carver, a journeyman OpAK of Lugonu (Orc:2)
  4 vault guards (D:13)
  3 hydras
  A centaur warrior (D:13)
  2 catoblepae (Lair:6)
  9 death yaks (Lair:6)
  3 orc high priests (Orc:2)
  3 unseen horrors
  Pikel (D:5)
  4 hill giants
  2 deep elf magi (D:13)
  4 orc knights
  5 orc sorcerers (Orc:2)
  3 ugly things
  A manticore (D:12)
  5 cyclopes
  17 elephants
  3 black mambas
  A siren (Lair:2)
  3 gargoyles
  14 spiny frogs
  3 centaur zombies
  A freezing wraith (D:14)
  A kobold demonologist (D:13)
  6 komodo dragons
  3 rime drakes
  An efreet (D:13)
  6 trolls
  2 two-headed ogres
  A dream sheep (Lair:5)
  25 blink frogs
  A slime creature (D:13)
  A meliai zombie (D:12)
  10 hippogriffs
  A wraith (D:12)
  4 wyverns
  3 spriggans (Lair:3)
  4 basilisks
  3 hogs (D:7)
  44 yaks
  Grum (D:8)
  A human (D:7)
  A vampire mosquito (D:13)
  A warg (Orc:2)
  A mottled dragon (D:13)
  7 porcupines
  12 water moccasins
  A necrophage (D:8)
  27 orc warriors
  6 ice beasts
  6 sky beasts
  A hornet zombie (D:10)
  3 black bears
  12 ogres
  A phantom (D:4)
  8 centaurs
  13 wolves
  13 crocodiles
  2 big kobolds
  15 bullfrogs
  A water moccasin zombie (D:8)
  4 scorpions
  6 killer bees (D:10)
  13 wights
  An electric eel (Lair:4)
  5 crimson imps
  5 howler monkeys
  A bullfrog zombie (D:11)
  5 hounds
  2 quasits
  3 bullfrog skeletons
  8 jellies
  16 orc priests
  3 centaur skeletons
  Jessica (D:2)
  28 orc wizards
  Terence (D:2)
  3 iguanas
  13 worker ants
  A killer bee zombie (D:10)
  11 gnolls
  13 river rats
  24 adders
  3 shadow imps
  11 white imps (D:12)
  5 oozes
  3 adder zombies
  An adder skeleton (D:7)
  3 worms
  The ghost of dscm the Shield-Bearer, a weakling FoFi (D:4)
  The ghost of dscm the Shield-Bearer, a weakling FoFi (D:6)
  3 dart slugs
  3 leopard geckos
  131 orcs
  6 ball pythons
  9 giant cockroaches
  4 goblins
  9 hobgoblins
  7 jackals
  3 quokkas
  16 bats
  4 frilled lizards
  44 kobolds
  A leopard gecko skeleton (D:4)
  A quokka zombie (D:4)
  36 rats
  A fungus (Lair:5)
  2 plants (D:9)
819 creatures vanquished.

Vanquished Creatures (collateral kills)
  The ghost of Azzok the Warrior, a journeyman GrBe of Trog (Orc:2)
  A catoblepas (Lair:6)
  3 death yaks (Lair:6)
  2 yaks (Lair:6)
  An orc wizard (Orc:2)
  2 orcs (Orc:2)
10 creatures vanquished.

Vanquished Creatures (others)
  An elephant (Lair:6)
  A water moccasin (Lair:6)
  A giant cockroach (D:5)
  A quokka (D:5)
  2 fungi (Lair:6)
  7 plants
13 creatures vanquished.

Grand Total: 842 creatures vanquished

Notes
Turn   | Place    | Note
-------+----------+-------------------------------------------
     0 | D:1      | truemonolith the Halfling Berserker began the quest for the Orb.
     0 | D:1      | Reached XP level 1. HP: 15/15 MP: 1/1
   254 | D:1      | Reached XP level 2. HP: 20/20 MP: 2/2
   561 | D:1      | Reached skill level 5 in Short Blades
   561 | D:1      | Reached XP level 3. HP: 22/25 MP: 3/3
   774 | D:2      | Noticed Terence
   781 | D:2      | Killed Terence
   781 | D:2      | Reached XP level 4. HP: 30/30 MP: 4/4
   933 | D:2      | Noticed Jessica
   964 | D:2      | Killed Jessica
   964 | D:2      | Reached XP level 5. HP: 10/35 MP: 5/5
  1529 | D:2      | Reached ** piety under Trog
  2056 | D:2      | Reached XP level 6. HP: 32/41 MP: 6/6
  2483 | D:3      | Found a glowing drain.
  2802 | Sewer    | Entered a sewer
  2829 | Sewer    | Reached *** piety under Trog
  3073 | Sewer    | Reached XP level 7. HP: 42/45 MP: 7/7
  3124 | Sewer    | Reached **** piety under Trog
  3139 | Sewer    | Reached skill level 5 in Armour
  3248 | Sewer    | Got a scorched ring mail
  3260 | Sewer    | Identified the +3 ring mail of the Komodo Dragon {rF+ Regen+ Str+2 Dex+4} (You found it in a sewer)
  3760 | D:4      | Noticed dscm's ghost (weakling FoFi)
  3771 | D:4      | Killed dscm's ghost
  3827 | D:4      | Reached ***** piety under Trog
  3827 | D:4      | Received a gift from Trog
  3997 | D:4      | Reached XP level 8. HP: 45/51 MP: 8/8
  4745 | D:5      | Entered Level 5 of the Dungeon
  5025 | D:5      | Noticed Pikel
  5046 | D:5      | Killed Pikel
  5046 | D:5      | Reached XP level 9. HP: 55/55 MP: 9/9
  5117 | D:5      | Received a gift from Trog
  5157 | D:5      | Found a staircase to the Ecumenical Temple.
  5683 | D:6      | Noticed dscm's ghost (weakling FoFi)
  5812 | D:6      | Reached skill level 3 in Dodging
  6227 | D:6      | Killed dscm's ghost
  6815 | D:7      | Reached skill level 5 in Fighting
  6935 | D:7      | Reached XP level 10. HP: 59/68 MP: 10/10
  7150 | D:7      | Found Coesog's Gadget Shoppe.
  7555 | D:8      | Found a roughly hewn altar of Beogh.
  7901 | D:8      | Found a sparkling altar of Nemelex Xobeh.
  8010 | D:8      | Noticed Grum
  8025 | D:8      | Killed Grum
  8477 | D:9      | Received a gift from Trog
  8702 | D:9      | Reached skill level 4 in Dodging
  9421 | D:10     | Entered Level 10 of the Dungeon
  9432 | D:10     | Reached skill level 5 in Dodging
  9432 | D:10     | Reached XP level 11. HP: 80/80 MP: 11/11
  9455 | D:10     | Reached skill level 6 in Dodging
  9487 | D:10     | Killed an unseen horror
  9487 | D:10     | Reached skill level 7 in Dodging
  9494 | D:10     | Reached skill level 8 in Dodging
  9508 | D:10     | Noticed a hill giant
  9518 | D:10     | Killed a hill giant
  9539 | D:10     | Reached skill level 9 in Dodging
 10053 | D:10     | Reached skill level 10 in Dodging
 10116 | D:10     | Received a gift from Trog
 10305 | D:11     | Gained mutation: You are weak. (Str -2) [potion of mutation]
 10306 | D:11     | Lost mutation: You are weak. (Str -2) [potion of cure mutation]
 10489 | D:11     | Reached skill level 11 in Dodging
 10713 | D:11     | Found a staircase to the Lair.
 10836 | D:11     | Found an ancient bone altar of Kikubaaqudgha.
 10845 | D:11     | Reached XP level 12. HP: 85/85 MP: 12/12
 10870 | D:11     | Noticed a seven-headed hydra
 10897 | D:11     | Killed a seven-headed hydra
 10906 | D:11     | Reached skill level 12 in Dodging
 10984 | D:11     | Found a staircase to the Orcish Mines.
 11365 | D:12     | Found a frozen archway.
 11467 | Lair:1   | Entered Level 1 of the Lair of Beasts
 11493 | Lair:1   | Noticed Gastronok
 11510 | Lair:1   | Killed Gastronok
 11510 | Lair:1   | Reached skill level 13 in Dodging
 11597 | Lair:1   | Received a gift from Trog
 11803 | Lair:1   | Reached skill level 14 in Dodging
 12549 | Lair:2   | Reached XP level 13. HP: 90/90 MP: 13/13
 12616 | Lair:2   | Reached skill level 15 in Dodging
 13238 | Lair:2   | Reached skill level 16 in Dodging
 13443 | Lair:2   | Found a staircase to the Shoals.
 13527 | Lair:3   | Noticed a five-headed hydra
 13539 | Lair:3   | Killed a five-headed hydra
 13778 | Lair:3   | Reached skill level 10 in Armour
 13995 | Lair:3   | Noticed a six-headed hydra
 14016 | Lair:3   | Killed a six-headed hydra
 14088 | Lair:3   | Received a gift from Trog
 14989 | Lair:4   | Found a staircase to the Snake Pit.
 15508 | Lair:5   | Reached skill level 10 in Fighting
 15631 | Lair:5   | Reached XP level 14. HP: 68/99 MP: 14/14
 15837 | Lair:5   | You fall through a shaft!
 15837 | Lair:6   | Entered Level 6 of the Lair of Beasts
 16856 | Lair:6   | Received a gift from Trog
 16931 | Lair:6   | Found a staircase to the Slime Pits.
 17954 | Lair:6   | Reached XP level 15. HP: 111/112 MP: 15/15
 18489 | Orc:1    | Entered Level 1 of the Orcish Mines
 18489 | Orc:1    | Found Qarr's Weapon Shop.
 18579 | Orc:1    | Reached skill level 1 in Stealth
 18983 | Orc:2    | Entered Level 2 of the Orcish Mines
 19070 | Orc:2    | Noticed Azzok's ghost (journeyman GrBe)
 19113 | Orc:2    | Killed Azzok's ghost
 19120 | Orc:2    | Noticed Enish's ghost (journeyman OpAK)
 19144 | Orc:2    | Killed Enish's ghost
 19276 | Orc:2    | Found Etud's Assorted Antiques.
 19557 | Orc:2    | Found a staircase to the Elven Halls.
 19659 | Orc:2    | Reached skill level 5 in Stealth
 19827 | Orc:2    | Noticed an orc warlord
 19846 | Orc:2    | Killed an orc warlord
 20011 | Orc:2    | Found Izupnako's Weapon Shoppe.
 20034 | Orc:2    | Found Zuutolu's Food Shoppe.
 20540 | Orc:2    | Paralysed by an orc sorcerer for 3 turns
 20637 | Orc:2    | Found Koxuz's Assorted Antiques.
 20659 | Orc:2    | Found Tosuzuaci's Food Shop.
 20889 | Orc:2    | Bought a translucent ring mail for 261 gold pieces
 20899 | Orc:2    | Identified the +1 ring mail of the Salmon {rF+ rN++} (You bought it in a shop on level 2 of the Orcish Mines)
 21020 | D:12     | Received a gift from Trog
 21213 | D:12     | Reached skill level 10 in Stealth
 21643 | D:12     | Noticed Erolcha
 21828 | D:13     | Found a gate to the Vaults.
 22183 | D:13     | Found a blossoming altar of Fedhas.
 22472 | D:13     | Reached XP level 16. HP: 54/119 MP: 16/16
 22870 | D:14     | Reached ****** piety under Trog
 23257 | D:14     | Mangled by a spriggan berserker

Skill      XL: |  1  2  3  4  5  6  7  8  9 10 11 12 13 14 15 16 |
---------------+-------------------------------------------------+-----
Short Blades   | 4 5 6 7 11 | 11.1
Armour         | 4 7 8 10 | 10.9
Dodging        | 3 5 11 14 16 | 16.0
Fighting       | 5 9 10 13 14 | 14.0
Stealth        | 12 13 | 13.0

Action                   |  1- 3 |  4- 6 |  7- 9 | 10-12 | 13-15 | 16-18 || total
-------------------------+-------+-------+-------+-------+-------+-------++-------
Melee: Short sword       |    81 |   316 |   424 |       |       |       ||   821
       Quick blade       |       |       |   142 |  1028 |  2388 |   152 ||  3710
Invok: Berserk           |     1 |     4 |     4 |     3 |    14 |       ||    26
       Brothers in Arms  |       |       |       |       |     6 |       ||     6
  Use: Potion            |       |     2 |       |     5 |     9 |     2 ||    18
       Scroll            |       |     7 |    10 |     9 |    14 |     1 ||    41
 Stab: Sleeping          |     1 |       |       |       |     7 |     3 ||    11
       Held in net/web   |       |       |     1 |       |       |       ||     1
       Distracted        |       |       |       |     1 |       |     1 ||     2
  Eat: Chunk             |       |     3 |     5 |     3 |     6 |       ||    17
       Bread ration      |       |     1 |     1 |     2 |     4 |       ||     8
       Meat ration       |       |     1 |     1 |     1 |       |       ||     3
       Beef jerky        |       |       |     1 |       |       |       ||     1
       Fruit             |       |       |       |     5 |    14 |     6 ||    25
       Pizza             |       |       |       |       |     6 |       ||     6
       Royal jelly       |       |       |       |       |     1 |       ||     1
Armor: Animal skin       |    11 |    23 |       |       |       |       ||    34
       Scale mail        |       |    78 |    28 |       |       |       ||   106
       Ring mail         |       |       |   117 |   107 |   168 |    10 ||   402
Dodge: Dodged            |    62 |   279 |   268 |   469 |  1179 |    89 ||  2346
